 Dungeon Crawl Stone Soup version 0.22-a0-410-g97be04f (webtiles) character file.

329 JeffiDaFish the Conjurer (level 6, 0/32 HPs)
             Began as a Deep Elf Conjurer on May 11, 2018.
             Killed from afar by Ijyb (9 damage)
             ... with a wand of flame (25)
             ... on level 3 of the Dungeon.
             The game lasted 00:07:13 (3318 turns).

JeffiDaFish the Conjurer (Deep Elf Conjurer)        Turns: 3318, Time: 00:07:14

Health: 0/32       AC:  4    Str:  5    XL:     6   Next: 25%
Magic:  0/16       EV: 14    Int: 22    God:
Gold:   134        SH:  0    Dex: 15    Spells: 8/16 levels left

rFire    . . .     SeeInvis .   e - +0 dagger
rCold    . . .     Gourm    .   (no shield)
rNeg     . . .     Faith    .   a - +1 robe
rPois    .         Spirit   .   (no helmet)
rElec    .         Reflect  .   l - +0 cloak
rCorr    +         Harm     .   (no gloves)
MR       .....                  (no boots)
Stlth    ++........             (no amulet)
HPRegen  0.10/turn              g - ring of resist corrosion
MPRegen  0.15/turn              (no ring)

@: no status effects
A: no striking features
a: no special abilities


You were on level 3 of the Dungeon.
You were not hungry.

You visited 1 branch of the dungeon, and saw 3 of its levels.

You collected 134 gold pieces.

Inventory:

Hand Weapons
 e - a +0 dagger (weapon)
 i - a +1 vampiric scythe
Armour
 a - a +1 robe (worn)
 l - a +0 cloak (worn)
Jewellery
 g - a ring of resist corrosion (left hand)
 m - an uncursed ring of positive energy
Wands
 j - a wand of polymorph (3)
Scrolls
 b - a scroll of identify
 d - 4 scrolls of remove curse
Potions
 f - a potion of might
 k - a potion of magic {unknown}
Comestibles
 c - 5 rations
 h - 3 chunks of flesh


   Skills:
 + Level 4.2 Dodging
 - Level 2.4 Stealth
 * Level 5.6 Spellcasting
 * Level 6.0 Conjurations
 + Level 2.5 Hexes


You had 8 spell levels left.
You knew the following spells:

 Your Spells              Type           Power        Failure   Level  Hunger
a - Magic Dart            Conj           ####         1%          1    None
b - Dazzling Spray        Conj/Hex       ####..       4%          3    ##.....
c - Iskenderun's Mystic   Conj           ####....     8%          4    ####...


Dungeon Overview and Level Annotations

Branches:
Dungeon (3/15)

Altars:
Hepliaklqana

Annotations:
D:3 Ijyb


Message History

Ijyb is severely wounded.
Ijyb hits you but does no damage.
Casting: Magic Dart (safe; 1% risk of failure)
Confirm with . or Enter, or press ? or * to list all spells.
Aiming: Magic Dart (safe; 1% risk of failure)
Press: ? - help, Shift-Dir - straight line, f/p - Ijyb
Aim: Ijyb, wielding a dagger, wearing a leather armour and carrying a wand of flame (26) (severely wounded)
The magic dart hits Ijyb.
Ijyb is severely wounded.
Ijyb hits you but does no damage.
You hit Ijyb.
Ijyb is almost dead.
Ijyb barely misses you.
You hit Ijyb but do no damage.
Ijyb is almost dead.
Ijyb zaps a wand.
The puff of flame misses you.
You closely miss Ijyb.
Ijyb is almost dead.
Ijyb zaps a wand.
The puff of flame hits you!
You die...

.#.......#.......#
.#.......#.......#########..
....._............#.........
.#.(.....#........#.......#
.#..[....#........#......##
.##.....##........#.g.....#.
.####.####.....####.........
...............####).†....#
##.#########.#..@gg[.....#
...# ........##.#####..#
.### .###+###.##... ..# .#
#..####.. ..## .## #... ##
..># ##.# +.## .#.# #..# #.#
.#.###..# #..#
.#..##..###+###..#


You could see Ijyb and a hobgoblin.

Vanquished Creatures
  Sigmund (D:2)
  Crazy Yiuf (D:2)
  Jessica (D:3)
  Natasha (D:2)
  4 adders
  2 oozes
  2 worms (D:3)
  4 dart slugs
  A leopard gecko (D:3)
  An orc (D:3)
  3 giant cockroaches
  8 goblins
  7 hobgoblins
  2 quokkas (D:2)
  A bat (D:2)
  5 frilled lizards
  5 kobolds
  11 rats
60 creatures vanquished.

Notes
Turn   | Place    | Note
-------+----------+-------------------------------------------
     0 | D:1      | JeffiDaFish the Deep Elf Conjurer began the quest for the Orb.
     0 | D:1      | Reached XP level 1. HP: 10/10 MP: 6/6
   269 | D:1      | Reached XP level 2. HP: 15/15 MP: 2/8
   978 | D:1      | Reached XP level 3. HP: 19/19 MP: 5/10
  1455 | D:2      | Learned a level 3 spell: Dazzling Spray
  1586 | D:2      | Reached skill level 5 in Conjurations
  1817 | D:2      | Noticed Sigmund
  1834 | D:2      | Killed Sigmund
  1834 | D:2      | Reached skill level 5 in Spellcasting
  1834 | D:2      | Reached XP level 4. HP: 6/24 MP: 0/13
  1834 | D:2      | Reached XP level 5. HP: 7/28 MP: 0/14
  2623 | D:2      | Found a runed door.
  2623 | D:2      | Noticed Natasha
  2626 | D:2      | Killed Natasha
  2690 | D:2      | Noticed Crazy Yiuf
  2695 | D:2      | Killed Crazy Yiuf
  2695 | D:2      | Reached XP level 6. HP: 32/32 MP: 5/16
  2822 | D:2      | Learned a level 4 spell: Iskenderun's Mystic Blast
  3243 | D:3      | Found a hazy altar of Hepliaklqana.
  3298 | D:3      | Noticed Jessica
  3299 | D:3      | Noticed Ijyb
  3309 | D:3      | Killed Jessica
  3309 | D:3      | Reached skill level 6 in Conjurations
  3318 | D:3      | Killed from afar by Ijyb

Vault maps used:
D:1:      lightli_arrival_maybe_door_vault
D:2:      minmay_diamond_boxcup, first_ration, uniq_sigmund,
          uniq_crazy_yiuf_cottage, uniq_natasha
D:3:      lemuel_doored_altar, vehumet_crystals, old_standard_altar, uniq_ijyb,
          uniq_jessica, uniq_robin

Skill      XL: |  1  2  3  4  5  6 |
---------------+-------------------+-----
Dodging        | 3 4 |  4.2
Spellcasting   | 5 |  5.6
Conjurations   | 5 6 |  6.0
Hexes          | 2 |  2.5
Stealth        | |  2.4

Action                   |  1- 3 |  4- 6 || total
-------------------------+-------+-------++-------
Melee: Dagger            |    24 |    15 ||    39
 Cast: Magic Dart        |    63 |    41 ||   104
       Dazzling Spray    |     2 |    13 ||    15
       Iskenderun's Myst |       |     2 ||     2
  Use: Scroll            |     5 |     1 ||     6
       Potion            |     4 |     1 ||     5
 Stab: Sleeping          |     2 |     1 ||     3
  Eat: Chunk             |     3 |     5 ||     8
Armor: Robe              |     2 |       ||     2
Dodge: Dodged            |    23 |    20 ||    43

Table legend:
 A = Spawn XP
 B = Non-spawn XP
 C = Spawn XP percentage of total XP
 D = Spawn monster count
 E = Non-spawn monster count
 F = Spawn count percentage of total count
 G = Total turns spent on level
                    A         B        C        D         E        F      G
               +---------+---------+-------+---------+---------+-------+---------
         Total |       0 |     471 |   0.0 |       0 |      60 |   0.0 |  3318
               +---------+---------+-------+---------+---------+-------+---------
           D:1 |       0 |      45 |   0.0 |       0 |      22 |   0.0 |  1168
           D:2 |       0 |     341 |   0.0 |       0 |      22 |   0.0 |  1865
           D:3 |       0 |      85 |   0.0 |       0 |      16 |   0.0 |   285
               +---------+---------+-------+---------+---------+-------+---------
